Map: Dreamcatcher LE

Players

SpeCial - Winner!

  • Race: Terran Terran
  • Spawn Location: 11:00

Has

  • Race: Protoss Protoss
  • Spawn Location: 5:00

Event: WCS Valencia 2018

VOD

Have the link to the VOD?

Description

Time

  • Played on: July 12, 2018, 1:17 p.m.
  • Length: 12:33

All games in this series

Show
View Real Time Build Order
Export as new Build Order

SpeCial Terran - Winner!

Build Orders: Cyclone Opening, Reaper Expand, MMM Bio 

Get SALT Encoding   

  12  0:01  SCV  
  13  0:13  SCV  
  14  0:17  Supply Depot  
  14  0:25  SCV  
  15  0:39  SCV  
  15  0:41  Barracks  
  16  0:44  Refinery  
  16  0:51  SCV  
  17  1:03  SCV  
  18  1:15  SCV  
  19  1:29  Reaper  
  19  1:30  Orbital Command  
  20  1:42  Command Center  
  20  1:51  Supply Depot  
  20  1:56  SCV  
  21  2:01  Marine  
  22  2:09  Factory  
  22  2:10  SCV  
  23  2:21  Refinery  
  23  2:22  Barracks Reactor  
  23  2:23  SCV  
  23  2:28  Bunker  
  24  2:35  SCV  
  25  2:43  Supply Depot  
  25  2:47  SCV  
  26  2:56  Cyclone  
  29  2:59  Marine x2  
  29  3:05  SCV  
  30  3:13  Orbital Command  
  26  3:23  SCV  
  25  3:38  SCV  
  25  3:40  Widow Mine, Marine  
  29  3:44  SCV  
  29  3:47  Cyclone  
  33  3:50  SCV  
  34  3:58  Marine  
  34  4:02  SCV  
  36  4:04  SCV  
  36  4:09  Cyclone  
  40  4:14  SCV  
  40  4:16  SCV, Marine  
  43  4:24  Cyclone  
  43  4:26  SCV  
  43  4:28  SCV  
  47  4:32  Supply Depot  
  48  4:38  Barracks Tech Lab  
  48  4:39  SCV  
  48  4:40  SCV  
  49  4:51  SCV  
  50  4:53  SCV  
  50  4:54  Hellion  
  50  4:56  Hellion  
  50  4:58  Marine  
  56  5:03  SCV  
  56  5:05  Barracks x2  
  56  5:06  Bunker  
  57  5:08  SCV  
  58  5:15  SCV  
  58  5:17  Engineering Bay  
  58  5:20  SCV  
  60  5:22  Marine  
  60  5:27  SCV  
  62  5:32  SCV  
  62  5:33  Factory Tech Lab  
  59  5:39  SCV  
  59  5:41  Supply Depot, Marauder  
  62  5:45  Terran Infantry Weapons Level 1  
  62  5:55  Missile Turret  
  62  5:58  Supply Depot  
  62  6:02  SCV x2  
  62  6:03  Marine x2, Marauder  
  70  6:04  Marauder  
  70  6:10  Supply Depot  
  70  6:15  Starport  
  70  6:18  Supply Depot  
  70  6:19  SCV x2  
  70  6:20  Widow Mine  
  71  6:30  Marine x2  
  69  6:33  SCV  
  69  6:34  Barracks Tech Lab  
  69  6:35  Barracks Tech Lab  
  69  6:37  Supply Depot  
  69  6:38  Refinery  
  69  6:39  SCV, Refinery  
  70  6:41  Barracks  
  70  6:42  Factory Reactor, Barracks  
  70  6:45  SCV  
  71  6:50  Marine  
  71  6:51  Liberator, Supply Depot, SCV, Marine  
  78  6:54  Marauder x2  
  78  6:55  Stimpack  
  78  7:03  Supply Depot  
  78  7:05  Bunker  
  80  7:11  SCV x2  
  80  7:15  Marine x2  
  83  7:16  Combat Shields  
  84  7:23  SCV x2  
  80  7:30  Bunker  
  80  7:33  Marine x2, Marauder x2  
  80  7:34  Marine x2  
  80  7:36  SCV  
  80  7:37  SCV  
  80  7:49  SCV x2  
  74  7:55  Marauder x2  
  74  8:00  Bunker  
  74  8:01  SCV, Marine x2  
  77  8:05  Marine  
  77  8:09  Terran Infantry Armor Level 1  
  77  8:12  Supply Depot  
  78  8:15  Bunker, Medivac  
  78  8:16  Marauder x2  
  78  8:17  Medivac  
  86  8:21  Marine x3  
  86  8:25  Widow Mine  
  90  8:37  Marauder  
  90  8:39  Concussive Shells  
  92  8:43  Supply Depot  
  92  8:48  Supply Depot  
  91  8:54  Bunker  
  91  8:55  Barracks Tech Lab, Command Center, Marine x2  
  93  8:56  Barracks Reactor, Marauder  
  93  8:57  Medivac x2  
  99  9:11  Supply Depot  
  99  9:14  Marine x2  
  99  9:15  Marauder x2  
  105  9:21  Supply Depot  
  102  9:25  Marauder  
  102  9:27  Medivac x2  
  108  9:36  Marauder x2  
  112  9:39  Marine x3  
  112  9:46  Widow Mine, Marauder  
  112  9:49  Marine  
  115  9:57  Medivac x2  
  115  9:58  Marauder x2  
  122  10:00  Marine  
  122  10:04  Marine x2  
  125  10:08  Marauder  
  125  10:09  Orbital Command  
  125  10:12  Liberator x2  
  127  10:18  Marine  
  127  10:19  Marauder x2  
  132  10:26  Marine  
  124  10:29  Factory Reactor, Marauder  
  124  10:30  Marine  
  133  10:36  Marine x2  
  133  10:40  Marauder x2  
  140  10:42  SCV  
  140  10:43  SCV  
  140  10:44  Marine  
  140  10:48  Marine  
  143  10:50  Orbital Command  
  143  10:51  Marauder  
  143  10:53  Marine  
  143  10:55  SCV  
  148  10:58  Marine  
  148  11:02  Marauder  
  151  11:05  Marine  
  151  11:06  Marine, Marauder  
  154  11:11  Marine  
  154  11:13  Marine  
  158  11:18  Widow Mine  
  158  11:19  Marine  
  158  11:24  Marine  
  160  11:26  Marine  
  160  11:27  Marauder  
  160  11:29  Marine  
  164  11:36  Armory  
  164  11:38  Engineering Bay  
  164  11:41  Marine  
  164  11:44  Marauder  
  164  11:45  Widow Mine x2  
  170  11:48  Marine  
  170  11:49  Marauder  
  170  11:52  SCV  
  168  11:59  Marauder  
  167  12:01  Medivac x2  
  167  12:05  Marauder  
  173  12:11  Supply Depot  
  173  12:12  Widow Mine x2, Supply Depot, SCV x2, Marauder  
  173  12:15  Marine  
  179  12:19  Missile Turret  
Show
View Real Time Build Order
Export as new Build Order

Has Protoss 

Build Orders: Oracle Opening, Blink Stalkers 

Get SALT Encoding   

  12  0:08  Pylon  
  12  0:13  Probe  
  13  0:26  Gateway, Probe  
  13  0:34  Probe  
  14  0:40  Assimilator  
  15  0:44  Probe  
  16  0:51  Assimilator  
  16  0:56  Probe  
  17  1:08  Probe  
  18  1:13  Cybernetics Core  
  18  1:20  Probe  
  18  1:24  Pylon  
  19  1:32  Probe  
  20  1:43  Adept  
  21  1:50  Stargate  
  21  1:53  Probe  
  23  1:59  Warp Gate  
  23  2:05  Probe  
  24  2:09  Adept  
  26  2:17  Probe  
  26  2:24  Oracle  
  26  2:29  Probe  
  30  2:37  Pylon  
  30  2:41  Probe  
  31  3:10  Nexus  
  31  3:11  Probe  
  32  3:26  Probe  
  33  3:30  Twilight Council  
  33  3:37  Gateway  
  33  3:38  Probe  
  34  3:45  Gateway  
  34  3:47  Blink  
  34  3:55  Gateway  
  34  3:57  Probe  
  35  4:14  Probe  
  36  4:21  Stalker  
  38  4:29  Probe x2  
  40  4:33  Pylon  
  40  4:50  Pylon  
  40  4:52  Stalker x3  
  44  4:57  Stalker  
  45  5:06  Probe  
  47  5:11  Stalker  
  48  5:14  Pylon  
  48  5:15  Stalker  
  48  5:16  Stalker  
  48  5:21  Stalker  
  54  5:34  Stalker  
  54  5:37  Probe x2  
  54  5:39  Stalker x2  
  60  5:47  Charge  
  60  5:49  Probe x2  
  62  5:56  Pylon  
  62  5:57  Pylon  
  62  6:01  Probe  
  62  6:04  Stalker x3  
  62  6:06  Probe  
  67  6:13  Probe  
  68  6:19  Probe  
  65  6:26  Probe  
  65  6:31  Probe  
  65  6:35  Stalker x4  
  65  6:38  Probe  
  72  6:42  Gateway  
  73  6:54  Nexus, Probe  
  72  7:03  Adept x2  
  72  7:04  Adept x2  
  72  7:07  Probe  
  81  7:09  Probe  
  81  7:12  Pylon  
  81  7:23  Gateway  
  81  7:24  Gateway  
  81  7:27  Probe  
  76  7:30  Stalker x2  
  76  7:34  Stalker  
  64  7:49  Probe  
  57  7:51  Probe  
  58  7:59  Stalker x3  
  58  8:00  Stalker  
  58  8:01  Probe  
  58  8:04  Pylon, Probe  
  68  8:07  Probe  
  69  8:19  Gateway  
  69  8:20  Gateway  
  69  8:21  Pylon  
  69  8:25  Stalker x3  
  70  8:39  Stalker  
  70  8:40  Probe x3  
  68  8:52  Probe  
  68  8:54  Zealot x3  
  68  8:55  Zealot x3  
  81  8:59  Pylon  
  81  9:01  Assimilator  
  81  9:04  Probe  
  80  9:11  Zealot  
  80  9:15  Stalker x2  
  86  9:19  Zealot x5  
  86  9:23  Probe  
  95  9:27  Shield Battery  
  96  9:32  Probe  
  96  9:33  Probe  
  96  9:34  Probe  
  96  9:36  Forge  
  96  9:38  Forge  
  91  9:47  Protoss Ground Weapons Level 1  
  91  9:49  Zealot, Protoss Ground Armor Level 1  
  91  9:50  Zealot x4  
  92  9:56  Stalker  
  92  9:57  Zealot  
  92  9:58  Zealot  
  84  10:12  Probe  
  83  10:17  Sentry  
  83  10:20  Probe  
  87  10:30  Probe, Pylon  
  87  10:31  Zealot x2  
  87  10:33  Pylon  
  91  10:36  Pylon  
  91  10:43  Pylon  
  91  10:50  Zealot  
  91  10:51  Stalker  
  91  10:52  Stalker  
  91  10:54  Stalker  
  91  10:55  Zealot x3  
  103  11:01  Zealot  
  103  11:07  Stalker  
  103  11:11  Zealot x3  
  107  11:15  Zealot, Stalker  
  107  11:17  Zealot x2  
  119  11:26  Zealot x2  
  119  11:27  Zealot x3  
  119  11:30  Pylon  
  129  11:38  Zealot x2  
  129  11:39  Zealot  
  133  11:44  Zealot  
  130  11:49  Stalker  
  130  11:50  Stalker  
  98  12:06  Stalker  
Tags
 
Add a new tag
Caveats
  • Supply blocks, unpowered buildings, or Contaminate may cause inaccurate times.
  • Supply counts are checked every 10 seconds.